AoeStats
← Dieguin

Arabia

508313904Analyzed
1v1 RM · 11d ago on Sep 21, 2026· 29m 17s· 2 players
Game mode
Random Map
Map size
Tiny (2 player)
Population
200
Speed
Normal
Resources
Standard
Victory
Conquest
Starting age
Dark Age
Ending age
Imperial Age
RankedLock teamsTeams togetherTeam positionsShared explorationLock speedFull tech treeHidden civsTurbo modeCheats
Victory
Defeat
🇳🇱 Mongols · Netherlands
781
+14
🇨🇴 Cumans · Colombia
742
-14
SheldonNumber
9:03 Feudal Age
7:19 Loom
10:07 Double-Bit Axe
22:03 Castle Age
20:44 Gold Mining
21:24 Bloodlines
22:55 Thumb Ring
23:07 Town Watch
23:00 Light Cavalry
Dieguin
5:53 Loom
9:51 Feudal Age
10:46 Double-Bit Axe
26:20 Castle Age
26:38 Elite Skirmisher
26:46 Pikeman
Connection lost

Rejoining the realm…

Still unreachable

The connection could not be restored.

Session expired

The server has moved on; the page needs a fresh start.